 Dungeon Crawl Stone Soup version 0.28.0-45-g0d030f2227 (webtiles) character file.

Game seed: 12090633448019985607

36 Iusername the Scratcher (level 3, 0/17 HPs)
             Began as a Felid Fighter on Apr 11, 2022.
             Slain by a goblin
             ... wielding a +0 dagger
              (2 damage)
             ... on level 2 of the Dungeon.
             The game lasted 00:03:19 (1462 turns).

Iusername the Scratcher (Felid Fighter)             Turns: 1462, Time: 00:03:20

Health: 0/17       AC:  1    Str: 14    XL:     3   Next: 19%
Magic:  4/4        EV: 18    Int:  9    God:
Gold:   29         SH:  0    Dex: 15    Spells: 2/2 levels left
                                        Lives:  0   Deaths: 0

rFire   . . .      SeeInvis +     - Unarmed
rCold   . . .      Faith    .   (shield unavailable)
rNeg    . . .      Spirit   .   (armour unavailable)
rPois   .          Reflect  .   (helmet unavailable)
rElec   .          Harm     .   (cloak unavailable)
rCorr   .          Rampage  .   (gloves unavailable)
Will    .....                   (boots unavailable)
Stlth   ++........              (no amulet)
HPRegen 0.05/turn               (no ring)
MPRegen 0.09/turn               (no ring)

@: quick
A: very small, claws 1, fangs 3, see invisible, speed 1, shaggy fur 1, stealthy
paws, no weapons or thrown items, no armour, multi-lived
a: no special abilities


You were on level 2 of the Dungeon.
You visited 1 branch of the dungeon, and saw 2 of its levels.

You collected 29 gold pieces.

Inventory:

Scrolls
 c - a scroll of enchant armour {unknown}
 d - a scroll of fear {unknown}
 e - a scroll of noise {unknown}
Potions
 a - 2 potions of might
 f - a potion of berserk rage {unknown}


   Skills:
 + Level 3.3 Fighting
 + Level 4.2 Dodging
 + Level 0.5 Stealth
 + Level 4.7 Unarmed Combat


You had 2 spell levels left.
You didn't know any spells.
Your spell library was empty.

Dungeon Overview and Level Annotations

Branches:
Dungeon (2/15)

Altars:


Innate Abilities, Weirdness & Mutations

You have sharp claws.
You have razor-sharp teeth.
You have supernaturally acute eyesight. (SInv)
You cover ground quickly. (Speed+)
You are covered in fur. (AC +1)
Your paws help you pounce on unaware monsters.
You are incapable of wielding weapons or throwing items.
You cannot wear armour.
You gain extra lives every three experience levels.


Message History

You kill the ball python!
The hobgoblin closely misses you. The goblin barely misses you.
The goblin closely misses you.
You miss the frilled lizard. The hobgoblin hits you.
The frilled lizard misses you. The goblin hits you with a +0 dagger.
You scratch the frilled lizard.
The frilled lizard is heavily wounded.
The goblin completely misses you. The hobgoblin closely misses you.
The frilled lizard bites you. The goblin misses you.
You claw the frilled lizard!
You kill the frilled lizard!
The goblin barely misses you. The hobgoblin misses you.
The goblin barely misses you.
You scratch the rat.
You kill the rat!
The goblin misses you. The hobgoblin closely misses you.
The goblin hits you with a +0 dagger.
You scratch the rat.
You kill the rat!
The goblin misses you. The hobgoblin barely misses you.
You closely miss the jackal. The jackal misses you.
The goblin barely misses you. The goblin completely misses you.
The hobgoblin barely misses you.
You barely miss the jackal. The goblin misses you.
The goblin barely misses you. The hobgoblin closely misses you.
You claw the jackal!
You kill the jackal!
The goblin hits you with a +0 dagger.
* * * LOW HITPOINT WARNING * * *
The goblin misses you. The hobgoblin completely misses you.
You scratch the jackal.
The jackal is heavily wounded.
The jackal misses you. The goblin misses you. The goblin closely misses you.
The hobgoblin closely misses you. The jackal misses you.
You barely miss the jackal. You bite the jackal.
You kill the jackal!
The goblin hits you with a +0 dagger.
* * * LOW HITPOINT WARNING * * *
The goblin hits you with a +0 dagger.
You die...

####### ......#
###########g.....#
..........@h...>.+
######...#gg.....#
#...#h#.....# .
#...#J....... #.
###...#..?..#.. #..
#...).#...#....
#...##.#..##.#<.....
#+#.......##.....#.#
..........#


You could see an endoplasm, 2 jackals, a hobgoblin and 2 goblins.

Vanquished Creatures
  A dart slug (D:1)
  4 endoplasms
  3 giant cockroaches (D:1)
  4 hobgoblins (D:1)
  2 jackals (D:2)
  A quokka (D:1)
  A ball python (D:2)
  3 bats
  2 frilled lizards
  3 goblins
  4 kobolds
  3 rats
31 creatures vanquished.

Vanquished Creatures (others)
  4 plants (D:2)
4 creatures vanquished.

Grand Total: 35 creatures vanquished

Notes
Turn   | Place    | Note
-------+----------+-------------------------------------------
     0 | D:1      | Iusername the Felid Fighter began the quest for the Orb.
     0 | D:1      | Reached XP level 1. HP: 10/10 MP: 2/2
   343 | D:1      | Reached XP level 2. HP: 14/14 MP: 3/3
  1190 | D:2      | Reached XP level 3. HP: 9/17 MP: 4/4
  1462 | D:2      | Slain by a goblin

Illustrated notes

Levels and vault maps discovered:
D:1:      dpeg_arrival_morbid_curiosity, layout_basic
D:2:      layout_basic, roderic_roman_lattice, serial_bayou_crossing

Action                   || total
-------------------------++-------
Melee: Unarmed           ||    76
       Bite              ||     6
  Use: Scroll            ||     1
 Stab: Sleeping          ||     2
Armor: Skin              ||     6
Dodge: Dodged            ||    93
